 Dungeon Crawl Stone Soup version 0.24.0-123-gd5b16e6ec5 (webtiles) character file.

Game seed: 13491280147234258280, levelgen mode: deterministic

4981 FishyPogo the Magician (level 10, -13/79 HPs)
             Began as a Gnoll Skald on Dec 29, 2019.
             Was an Elder of Okawaru.
             Killed by divine providence
             ... invoked by an orc priest
              (14 damage)
             ... on level 9 of the Dungeon.
             The game lasted 00:31:03 (6962 turns).

FishyPogo the Magician (Gnoll Skald)                Turns: 6962, Time: 00:31:03

Health: -13/79     AC: 10    Str: 16    XL:     10   Next: 53%
Magic:  12/21      EV: 16    Int: 15    God:    Okawaru [****..]
Gold:   474        SH:  0    Dex: 16    Spells: 12/23 levels left

rFire    . . .     SeeInvis .   b - +3 scythe
rCold    . . .     Gourm    .   (shield currently unavailable)
rNeg     . . .     Faith    +   x - +0 leather armour
rPois    .         Spirit   .   j - +2 helmet
rElec    .         Reflect  .   (no cloak)
rCorr    +         Harm     .   L - +2 pair of gloves
MR       .....     Rnd*Tele +   (no boots)
Stlth    +++.......             B - amulet of faith
HPRegen  0.23/turn              M - ring of resist corrosion
MPRegen  0.17/turn              C - ring of teleportation (curse)

@: singing (expiring), hasted, very quick
A: distributed training, fangs 1, strong nose
a: Heroism, Renounce Religion


You were on level 9 of the Dungeon.
You worshipped Okawaru.
Okawaru was greatly pleased with you.
You were hungry.

You visited 2 branches of the dungeon, and saw 10 of its levels.
You also visited: Sewer.

You collected 474 gold pieces.

Inventory:

Hand Weapons
 a - a +1 whip of venom
 b - a +3 scythe (weapon)
Missiles
 f - 71 poisoned darts
 h - 201 stones (quivered)
 q - 3 curare-tipped darts
Armour
 j - a +2 helmet (worn)
 x - a +0 leather armour (worn)
 L - a +2 pair of gloves (worn)
Jewellery
 y - a +5 amulet of reflection
 B - an amulet of faith (around neck)
 C - a cursed ring of teleportation (right hand)
 F - a +2 ring of dexterity
 M - a ring of resist corrosion (left hand)
Wands
 m - a wand of flame (9)
 G - a wand of digging (3)
Scrolls
 c - 7 scrolls of remove curse
 n - a scroll of random uselessness {unknown}
 o - a scroll of torment {unknown}
 p - 3 scrolls of teleportation {unknown}
 s - 2 scrolls of amnesia {unknown}
 u - 6 scrolls of identify
 v - 2 scrolls of noise {unknown}
 w - a scroll of magic mapping
 D - 2 scrolls of blinking {unknown}
 E - a scroll of enchant weapon {unknown}
 I - 2 scrolls of fear
 J - a scroll of acquirement {unknown}
 K - a scroll of summoning {unknown}
 N - 3 scrolls of silence {unknown}
Potions
 e - a potion of heal wounds {unknown}
 g - 4 potions of agility {unknown}
 i - 3 potions of brilliance {unknown}
 k - 2 potions of lignification {unknown}
 l - a potion of berserk rage {unknown}
 r - 2 potions of haste
 t - 4 potions of curing {unknown}
 A - 2 potions of flight {unknown}
 H - a potion of mutation {unknown}
Comestibles
 d - 14 rations
 z - a chunk of flesh


   Skills:
 + Level 7.1 Fighting
 + Level 7.1 Short Blades
 + Level 5.2 Long Blades
 + Level 5.2 Axes
 + Level 5.2 Maces & Flails
 + Level 5.2 Polearms
 + Level 5.2 Staves
 + Level 5.2 Slings
 + Level 5.2 Bows
 + Level 5.2 Crossbows
 + Level 5.2 Throwing
 + Level 5.9 Armour
 + Level 7.1 Dodging
 + Level 5.2 Stealth
 + Level 5.2 Shields
 + Level 5.2 Unarmed Combat
 + Level 7.3 Spellcasting
 + Level 4.3 Conjurations
 + Level 4.3 Hexes
 + Level 7.1 Charms
 + Level 4.3 Summonings
 + Level 4.3 Necromancy
 + Level 4.3 Translocations
 + Level 4.3 Transmutations
 + Level 4.3 Fire Magic
 + Level 4.3 Ice Magic
 + Level 4.3 Air Magic
 + Level 4.3 Earth Magic
 + Level 4.3 Poison Magic
 + Level 5.8 Invocations
 + Level 5.2 Evocations


You had 12 spell levels left.
You knew the following spells:

 Your Spells              Type           Power        Failure   Level  Hunger
h - Regeneration          Chrm/Necr      ###.......   4%          3    ##.....
n - Spectral Weapon       Hex/Chrm       ###.....     4%          3    ##.....
p - Shroud of Golubria    Chrm/Tloc      ###...       2%          2    None
u - Song of Slaying       Chrm           ####....     1%          2    None
y - Infusion              Chrm           ####         1%          1    None

Your spell library contained the following spells:

 Spells                   Type           Power        Failure   Level  Hunger


Dungeon Overview and Level Annotations

Branches:
Dungeon (9/15)             Temple (1/1) D:5           Sewer (visited)
   Lair: D:8-11         Orc: D:9-12

Altars:
Ashenzari
Dithmenos
Elyvilon
Fedhas
Gozag
Hepliaklqana
Kikubaaqudgha
Makhleb
Nemelex Xobeh
Okawaru
Qazlal
Ru
Sif Muna
Trog
Uskayaw
Vehumet
Wu Jian
Xom
Yredelemnul
Zin
The Shining One


Innate Abilities, Weirdness & Mutations

Your experience applies equally to all skills.
You have very sharp teeth.
Your uncanny sense of smell can sniff out nearby items.


Message History

Okawaru accepts your kill.
The orc priest mumbles some strange prayers to Beogh against you.
Beogh smites you!
* * * LOW HITPOINT WARNING * * *
The orc wizard barely misses you.
The orc priest hits you but does no damage.
You closely miss the orc priest. You bite the orc priest.
The orc priest is moderately wounded.
Your song is almost over.
The orc wizard hits you with a +0 dagger.
* * * LOW HITPOINT WARNING * * *
The orc priest misses you.
The orc wizard hits you but does no damage.
The orc priest mumbles some strange prayers to Beogh against you.
Beogh smites you!
* * * LOW HITPOINT WARNING * * *
It was a potion of haste.
You feel yourself speed up.
The orc priest mumbles some strange prayers to Beogh against you.
Beogh smites you!
You die...

####...#
#....(.#
#.(..(. ....#
#†.#
####l(##.#
#.<#oo...#
####.##o#####
#...÷##@#
#.....o.#
###....#####
#..........#
#..........#
#..........#
############


You could see 2 orc priests, an orc wizard, an orc and a leopard gecko.

Vanquished Creatures
  Pikel (D:7)
  A hippogriff (D:9)
  Sigmund (D:3)
  A wyvern (D:9)
  6 yaks (D:8)
  A hungry ghost (D:9)
  A warg (D:9)
  A necrophage (D:6)
  A sky beast (D:6)
  4 slaves (D:7)
  An ice beast (D:9)
  A phantom (D:8)
  7 ogres
  2 centaurs
  5 bullfrogs
  A gnoll sergeant (D:7)
  3 scorpions
  A water moccasin skeleton (D:6)
  2 howler monkeys (D:6)
  A crimson imp (D:6)
  A bullfrog zombie (D:8)
  5 hounds
  3 jellies
  4 orc wizards
  2 bullfrog skeletons
  2 centaur skeletons
  3 iguanas
  4 worker ants
  A hound zombie (D:6)
  A worker ant zombie (D:7)
  10 adders
  6 gnolls
  4 river rats (D:3)
  A shadow imp (D:7)
  5 oozes
  3 adder skeletons
  2 adder zombies
  7 worms
  3 dart slugs
  13 leopard geckos
  17 orcs
  11 ball pythons
  17 giant cockroaches
  12 goblins
  6 hobgoblins
  9 jackals
  10 kobolds
  4 quokkas
  10 bats
  16 frilled lizards
  A leopard gecko zombie (D:5)
  A quokka skeleton (D:6)
  A quokka zombie (D:7)
  8 rats
245 creatures vanquished.

Vanquished Creatures (others)
  6 spectral weapons
6 creatures vanquished.

Grand Total: 251 creatures vanquished

Notes
Turn   | Place    | Note
-------+----------+-------------------------------------------
     0 | D:1      | FishyPogo the Gnoll Skald began the quest for the Orb.
     0 | D:1      | Reached XP level 1. HP: 20/20 MP: 6/6
    76 | D:1      | Reached XP level 2. HP: 23/26 MP: 4/7
   172 | D:1      | Reached XP level 3. HP: 21/31 MP: 7/9
   176 | D:1      | Learned a level 2 spell: Song of Slaying
   179 | D:1      | Learned a level 2 spell: Shroud of Golubria
   271 | D:1      | Reached skill level 5 in Spellcasting
   669 | D:2      | Reached skill level 1 in Invocations
   716 | D:2      | Learned a level 3 spell: Regeneration
   722 | D:2      | Learned a level 3 spell: Spectral Weapon
   818 | D:3      | Reached skill level 1 in Long Blades
   818 | D:3      | Reached skill level 1 in Axes
   818 | D:3      | Reached skill level 1 in Maces & Flails
   818 | D:3      | Reached skill level 1 in Polearms
   818 | D:3      | Reached skill level 1 in Staves
   818 | D:3      | Reached skill level 1 in Slings
   818 | D:3      | Reached skill level 1 in Bows
   818 | D:3      | Reached skill level 1 in Crossbows
   818 | D:3      | Reached skill level 1 in Throwing
   818 | D:3      | Reached skill level 1 in Stealth
   818 | D:3      | Reached skill level 1 in Shields
   818 | D:3      | Reached skill level 1 in Unarmed Combat
   818 | D:3      | Reached skill level 1 in Evocations
   818 | D:3      | Reached XP level 4. HP: 38/38 MP: 11/11
   894 | D:3      | Reached skill level 1 in Conjurations
   894 | D:3      | Reached skill level 1 in Hexes
   894 | D:3      | Reached skill level 1 in Summonings
   894 | D:3      | Reached skill level 1 in Necromancy
   894 | D:3      | Reached skill level 1 in Translocations
   894 | D:3      | Reached skill level 1 in Transmutations
   894 | D:3      | Reached skill level 1 in Fire Magic
   894 | D:3      | Reached skill level 1 in Ice Magic
   894 | D:3      | Reached skill level 1 in Air Magic
   894 | D:3      | Reached skill level 1 in Earth Magic
   894 | D:3      | Reached skill level 1 in Poison Magic
  1010 | D:3      | Reached XP level 5. HP: 35/43 MP: 8/12
  1027 | D:3      | Found a glowing drain.
  1141 | Sewer    | Entered a sewer
  1457 | Sewer    | Reached XP level 6. HP: 48/50 MP: 5/13
  1800 | D:2      | Found an ornate altar of the Wu Jian Council.
  2307 | D:3      | Noticed Sigmund
  2317 | D:3      | Killed Sigmund
  2317 | D:3      | Reached skill level 5 in Fighting
  2317 | D:3      | Reached skill level 5 in Short Blades
  2317 | D:3      | Reached skill level 5 in Dodging
  2317 | D:3      | Reached XP level 7. HP: 54/56 MP: 5/15
  3326 | D:5      | Entered Level 5 of the Dungeon
  3378 | D:5      | Found a staircase to the Ecumenical Temple.
  3390 | Temple   | Entered the Ecumenical Temple
  3420 | Temple   | Became a worshipper of Warmaster Okawaru
  3697 | D:5      | Reached XP level 8. HP: 45/63 MP: 2/16
  4289 | D:6      | Reached * piety under Okawaru
  4627 | D:6      | Reached ** piety under Okawaru
  4702 | D:6      | Reached XP level 9. HP: 63/69 MP: 8/18
  5262 | D:7      | Noticed Pikel
  5269 | D:7      | Killed Pikel
  5269 | D:7      | Reached skill level 5 in Armour
  5598 | D:7      | Reached *** piety under Okawaru
  6223 | D:8      | Received a gift from Okawaru
  6223 | D:8      | Reached skill level 5 in Invocations
  6245 | D:8      | Reached XP level 10. HP: 53/77 MP: 14/20
  6550 | D:8      | Reached skill level 5 in Long Blades
  6550 | D:8      | Reached skill level 5 in Axes
  6550 | D:8      | Reached skill level 5 in Maces & Flails
  6550 | D:8      | Reached skill level 5 in Polearms
  6550 | D:8      | Reached skill level 5 in Staves
  6550 | D:8      | Reached skill level 5 in Slings
  6550 | D:8      | Reached skill level 5 in Bows
  6550 | D:8      | Reached skill level 5 in Crossbows
  6550 | D:8      | Reached skill level 5 in Throwing
  6550 | D:8      | Reached skill level 5 in Stealth
  6550 | D:8      | Reached skill level 5 in Shields
  6550 | D:8      | Reached skill level 5 in Unarmed Combat
  6550 | D:8      | Reached skill level 5 in Evocations
  6923 | D:9      | Reached **** piety under Okawaru
  6925 | D:9      | Received a gift from Okawaru
  6961 | D:9      | HP: 1/79 [orc priest/divine providence (13)]
  6962 | D:9      | Killed from afar by an orc priest

Levels and vault maps discovered:
D:1:      psy_arrival_fountain, layout_rooms, minivault_5
D:2:      layout_rooms, overflow_temple_1_default, feat_on_display
D:3:      layout_loops_ring, portal_sewer_entry_e, uniq_sigmund
D:4:      layout_layer_cave, first_ration, minmay_misc_feat_plants, st_stairs_10
D:5:      layout_rooms, temple_green, kennysheep_path_1
D:6:      layout_basic, lightli_corner_chamber
D:7:      layout_loops_corners, uniq_pikel
D:8:      layout_loops_ring, serial_glass, glass_columns_b, glass_columns_a,
          chequers_mini_garden
D:9:      layout_basic, erik_lair_orcish_takeover, serial_shops, shop
Temple:   regret_index_temple_sigil_plot

Skill      XL: |  1  2  3  4  5  6  7  8  9 10 |
---------------+-------------------------------+-----
Spellcasting   | 5 6 7 |  7.3
Invocations    | 1 2 3 4 5 |  5.8
Long Blades    | 1 2 3 4 5 |  5.2
Axes           | 1 2 3 4 5 |  5.2
Maces & Flails | 1 2 3 4 5 |  5.2
Polearms       | 1 2 3 4 5 |  5.2
Staves         | 1 2 3 4 5 |  5.2
Slings         | 1 2 3 4 5 |  5.2
Bows           | 1 2 3 4 5 |  5.2
Crossbows      | 1 2 3 4 5 |  5.2
Throwing       | 1 2 3 4 5 |  5.2
Stealth        | 1 2 3 4 5 |  5.2
Shields        | 1 2 3 4 5 |  5.2
Unarmed Combat | 1 2 3 4 5 |  5.2
Evocations     | 1 2 3 4 5 |  5.2
Conjurations   | 1 2 3 4 |  4.3
Hexes          | 1 2 3 4 |  4.3
Summonings     | 1 2 3 4 |  4.3
Necromancy     | 1 2 3 4 |  4.3
Translocations | 1 2 3 4 |  4.3
Transmutations | 1 2 3 4 |  4.3
Fire Magic     | 1 2 3 4 |  4.3
Ice Magic      | 1 2 3 4 |  4.3
Air Magic      | 1 2 3 4 |  4.3
Earth Magic    | 1 2 3 4 |  4.3
Poison Magic   | 1 2 3 4 |  4.3
Armour         | 3 4 5 |  5.9
Fighting       | 5 6 7 |  7.1
Short Blades   | 5 6 7 |  7.1
Dodging        | 5 6 7 |  7.1
Charms         | 6 7 |  7.1

Action                   |  1- 3 |  4- 6 |  7- 9 | 10-12 || total
-------------------------+-------+-------+-------+-------++-------
Melee: Short sword       |    96 |   245 |   230 |       ||   571
       Bite              |    10 |    18 |    36 |     9 ||    73
       Scythe            |       |       |    68 |    55 ||   123
       Punch             |       |       |     7 |       ||     7
       Whip              |       |       |    22 |    17 ||    39
Throw: Stone             |     1 |     7 |     4 |     2 ||    14
       Dart              |       |     9 |     2 |       ||    11
 Cast: Infusion          |     4 |     1 |     2 |       ||     7
       Shroud of Golubri |     3 |    15 |    39 |    11 ||    68
       Song of Slaying   |     1 |     8 |     7 |     3 ||    19
       Regeneration      |     1 |     4 |     8 |     3 ||    16
       Spectral Weapon   |       |     4 |    32 |     8 ||    44
  Use: Scroll            |     4 |       |     3 |       ||     7
       Potion            |       |       |       |     1 ||     1
 Stab: Sleeping          |       |     6 |     7 |     1 ||    14
       Distracted        |       |       |     2 |       ||     2
  Eat: Chunk             |       |     7 |    15 |     6 ||    28
Armor: Leather armour    |    25 |    79 |    55 |    21 ||   180
Dodge: Dodged            |    60 |   173 |   213 |    64 ||   510
Block: Other             |       |       |    12 |       ||    12
